 Dungeon Sprint DCSS version 0.17-a0-1181-gabc46e6 (console) character file.

403664 Monkaria the Intangible (level 20, -2/210 (216) HPs)
             Began as a Demonspawn Berserker on May 31, 2015.
             Was a High Priest of Trog.
             Killed by divine providence
             ... invoked by a greater mummy
              (12 damage)
             ... in the Dungeon (Sprint IX: "|||||||||||||||||||||||||||||").
             The game lasted 01:25:47 (13945 turns).

Monkaria the Intangible (Demonspawn Berserker)     Turns: 13945, Time: 01:25:47

HP:   -2/210 (216)  AC: 39    Str: 25    XL:     20   Next: 13%
MP:   37/37         EV: 19    Int: 14    God:    Trog [*****.]
Gold: 15            SH:  0    Dex: 15    Spells: 0 memorised, 19 levels left

rFire  + + +     SeeInvis +     V - +13 great sword {freeze, Int+3}
rCold  + + +     Clarity  +     p - +4 gold dragon armour
rNeg   + . .     SustAt   .     (no shield)
rPois  +         Gourm    .     (helmet unavailable)
rElec  .         Spirit   .     x - +2 cloak {rPois}
rCorr  .         Warding  .     T - +2 pair of gloves {Str+3}
rMut   .         NoTele   +     Q - +0 pair of boots {Stlth+}
MR     +++..                    H - amulet of faith
Stlth  ..........               B - +4 ring of slaying
                                r - ring "Atofuem" {rC+ rN+}

@: regenerating, extremely resistant to hostile enchantments, extremely
unstealthy
A: antennae 3, claws 1, molten scales 3, berserk 1, clarity, cold resistance 1,
deformed body, demonic guardian 2, fire resistance 1, poison resistance, robust
1, freezing cloud immunity, MP-powered wands
a: Burn Spellbooks, Berserk, Trog's Hand, Brothers in Arms, Renounce Religion
}: 7/15 runes: decaying, serpentine, barnacled, slimy, elven, silver, gossamer


You were in the Dungeon.
You worshipped Trog.
Trog was extremely pleased with you.
You were full.

You visited 1 branch You collected 1960 gold pieces.
You spent 1903 gold pieces at shops.

Inventory:

Hand weapons
 s - the +1 triple sword of Plague {flame, Int+3 SInv}
   (Trog gifted it to you in the Dungeon)

   It has been specially enchanted to burn those struck by it, causing extra
   injury to most foes and up to half again as much damage against particularly
   susceptible opponents.
   Big, fiery blades are also staple armaments of hydra-hunters.
   It affects your intelligence (+3).
   It lets you see invisible.
 E - a +1 antimagic triple sword
 V - the +13 great sword of Insufficient Pleasure (weapon) {freeze, Int+3}
   (Trog gifted it to you in the Dungeon)

   It has been specially enchanted to freeze those struck by it, causing extra
   injury to most foes and up to half again as much damage against particularly
   susceptible opponents.
   It can also slow down cold-blooded creatures.
   It affects your intelligence (+3).
Missiles
 y - 20 steel javelins (quivered)
 A - 21 poisoned javelins
 M - 26 javelins of penetration
Armour
 n - the +8 ice dragon armour "Huraa" {rF- rC++ MR+ Str+3}
   (You bought it in a shop in the Dungeon)

   It affects your strength (+3).
   It makes you vulnerable to fire.
   It greatly protects you from cold.
   It affects your resistance to hostile enchantments.
 p - a +4 gold dragon armour (worn)
 x - a +2 cloak of poison resistance (worn)
 N - a +0 storm dragon armour
 Q - a +0 pair of boots of stealth (worn)
 T - a +2 pair of gloves of strength (worn)
Jewellery
 r - the ring "Atofuem" (left hand) {rC+ rN+}
   (You found it in the Dungeon)

   [ring of protection from cold]

   It protects you from cold.
   It protects you from negative energy.
 B - a +4 ring of slaying (right hand)
 D - a +6 ring of dexterity
 F - a +6 ring of strength
 H - an amulet of faith (around neck)
 I - an uncursed ring of protection from fire
 J - an uncursed amulet of guardian spirit
 K - the amulet of Poggurcha {rCorr *Corrode +Blink Str-3 SInv}
   (You found it in the Dungeon)

   [amulet of resist corrosion]

   It protects you from acid and corrosion.
   It affects your strength (-3).
   It lets you see invisible.
   It lets you blink.
   It may corrode your equipment when you take damage.
 L - the ring "Ogayzys" {Wiz rF+ Slay+2 SInv}
   (You found it in the Dungeon)

   [ring of wizardry]

   It improves your spell success rate.
   It affects your accuracy and damage with ranged weapons and melee attacks
   (+2).
   It protects you from fire.
   It lets you see invisible.
 U - the ring of Maabeig {+Inv rC+ SInv}
   (You found it in the Dungeon)

   [ring of invisibility]

   It protects you from cold.
   It lets you see invisible.
   It lets you turn invisible.
Magical devices
 m - a wand of fire (7)
 o - a wand of teleportation (7)
 z - a wand of hasting (5)
 R - a wand of digging (13)
Scrolls
 i - 3 scrolls of blinking
 l - 5 scrolls of remove curse
 t - 12 scrolls of enchant weapon
 u - 2 scrolls of identify
 w - 2 scrolls of recharging
 G - 3 scrolls of fog
 O - a scroll of vulnerability
 Y - 5 scrolls of fear
Potions
 b - a potion of cure mutation
 d - 8 potions of curing
 f - 2 potions of haste
 g - 4 potions of magic
 h - a potion of berserk rage
 j - 3 potions of brilliance
 k - a potion of invisibility
 q - 2 potions of ambrosia
 P - a potion of might
 X - 3 potions of agility
Miscellaneous
 C - a phial of floods
 Z - a plain deck of wonders {drawn: 6}
Comestibles
 a - 40 fruits
 v - 11 meat rations


   Skills:
 O Level 27 Fighting
 O Level 27 Long Blades
 + Level 24.2 Throwing
 O Level 27 Armour
 O Level 27 Dodging
 O Level 27 Evocations


You had 19 spell levels left.
You didn't know any spells.

Dungeon Overview and Level Annotations

Branches:
Dungeon (1/1)

Altars:
Cheibriados
Dithmenos
Elyvilon
Fedhas
Gozag
Kikubaaqudgha
Makhleb
Nemelex Xobeh
Okawaru
Qazlal
Ru
Sif Muna
Trog
Vehumet
Xom
Yredelemnul
Zin
The Shining One
Beogh
Jiyva
Lugonu

Shops:
D :[?*


Innate Abilities, Weirdness & Mutations

You have a pair of large antennae on your head (SInv).
You are completely covered in molten scales (AC +4, EV -1, rF+).
Your flesh is cold resistant.
A demonic guardian rushes to your aid.
You are robust (+10% HP).
You are immune to freezing clouds.
You have sharp fingernails.
You tend to lose your temper in combat.
You possess an exceptional clarity of mind.
Armour fits poorly on your strangely shaped body.
Your flesh is heat resistant.
Your system is resistant to poisons.
You expend magic power (3 MP) to strengthen your wands.


Message History

Send 'em back where they came from!
Trog shields your ally from puny magic!
The greater mummy calls on the powers of darkness!
Your body is wracked with pain!
* * * LOW HITPOINT WARNING * * *
Your soul eater closely misses the greater mummy.
Use which ability? (? or * to list)
Your troll goes berserk!
You feel somewhat less full.
Send 'em back where they came from!
Your soul eater disappears in a puff of smoke!
Trog shields your ally from puny magic!
The mummy priest calls on the powers of darkness!
Your body is wracked with pain!
* * * LOW HITPOINT WARNING * * *
Unknown command.
You swap places.
You feel the effects of Trog's Hand fading.
The greater mummy gestures at you while chanting.
Something smites you!
You die...

*********************************
,,,,,,,,,,,,,,,,,,,,,,,,,,,,,,,,,
*********************************
,,,,,,,,,,,,,,,,,,,,,,,,,,,,,,,,,
▓▓▓▓▓▓▓▓▓▓▓▓▓▓▓▓▓▓▓▓▓▓▓▓▓▓▓▓▓▓▓▓▓
(.......'.......@T.'..MzMz...'Ms.
▓▓▓▓▓▓▓▓▓▓▓▓▓▓▓▓▓▓▓▓▓▓▓▓▓▓▓▓▓▓▓▓▓
.................................
▓▓▓▓▓♣♣♣♣♣♣♣♣♣♣♣♣▓▓▓▓▓▓▓▓▓▓▓▓▓▓▓▓
....()......)...)))(()(()..))....
▓▓▓▓▓♣♣♣♣♣♣♣♣♣♣♣♣▓▓▓▓▓▓▓▓▓▓▓▓▓▓▓▓
.....(...........................
▓▓▓▓▓▓▓▓▓▓▓▓▓▓▓▓▓▓▓▓▓▓▓▓▓▓▓▓▓▓▓▓▓
.).......))........'.')))).......


You could see a greater mummy, a wight and a friendly troll (berserk).

Vanquished Creatures
  Mara (twice) (D)
  the royal jelly (D)
  2 ancient liches (D)
  2 orbs of fire (D)
  Mennas (D)
  Boris (D)
  Frederick (D)
  Norris (D)
  A Killer Klown (D)
  3 golden dragons (D)
  Nikola (D)
  Jory (D)
  Xtahua (D)
  2 electric golems (D)
  4 tentacled monstrosities (D)
  26 Orb Guardians (D)
  2 liches (D)
  A quicksilver dragon (D)
  A deep elf blademaster (D)
  2 deep elf master archers (D)
  6 acid blobs (D)
  12 sphinxes (D)
  4 shadow dragons (D)
  3 storm dragons (D)
  4 greater nagas (D)
  2 azure jellies (D)
  A fire giant (D)
  2 draconian knights (D)
  3 ghost moths (D)
  3 deep elf sorcerers (D)
  Louise (D)
  2 emperor scorpions (D)
  2 draconian scorchers (D)
  A vault warden (D)
  2 ironheart preservers (D)
  A draconian annihilator (D)
  8 vampire knights (D)
  A reaper (D)
  4 stone giants (D)
  2 draconian callers (D)
  2 deep elf annihilators (D)
  2 deep elf demonologists (D)
  5 black draconians (D)
  A green draconian (D)
  A spellforged servitor (D)
  A red draconian (D)
  3 mottled draconians (D)
  A purple draconian (D)
  A white draconian (D)
  3 deep elf death magi (D)
  19 vault guards (D)
  2 merfolk javelineers (D)
  An ettin (D)
  A deep elf high priest (D)
  A merfolk impaler (D)
  2 mummy priests (D)
  5 death oozes (D)
  7 ice dragons (D)
  8 fire dragons (D)
  2 death cobs (D)
  2 ghost crabs (D)
  7 hydras (D)
  A merfolk avatar (D)
  A centaur warrior (D)
  4 naga warriors (D)
  3 merfolk aquamancers (D)
  A death yak (D)
  A catoblepas (D)
  A shock serpent (D)
  3 hell knights (D)
  A death drake (D)
  A shadow demon (D)
  4 swamp dragons (D)
  An ironbrand convoker (D)
  2 harpies (D)
  2 necromancers (D)
  2 hill giants (D)
  An orc knight (D)
  A manticore (D)
  A griffon (D)
  2 vault sentinels (D)
  A salamander (D)
  2 black mambas (D)
  A hornet (D)
  2 guardian serpents (D)
  10 moths of wrath (D)
  A spiny frog (D)
  A komodo dragon (D)
  12 guardian mummies (D)
  A deep elf priest (D)
  A small abomination (D)
  A jumping spider (D)
  A troll (D)
  2 merfolk (D)
  2 wind drakes (D)
  A slime creature (D)
  A snapping turtle (D)
  2 trapdoor spiders (D)
  2 wraiths (D)
  6 shadows (D)
  11 spriggans (D)
  A golden eye (D)
  A mottled dragon (D)
  An insubstantial wisp (D)
  3 nagas (D)
  A chaos spawn (D)
  An ice beast (D)
  An orc warrior (D)
  A sky beast (D)
  A black bear (shapeshifter) (D)
  2 swamp drakes (D)
  A crimson imp (D)
  An orc wizard (D)
  A river rat (D)
  A shadow imp (D)
  2 giant eyeballs (D)
  An ooze (D)
  A bat simulacrum (D)
  2 hobgoblins (D)
  A giant newt (D)
  2 goblins (D)
  4 rats (D)
  A spectral giant cockroach (D)
  A spectral giant gecko (D)
323 creatures vanquished.

Vanquished Creatures (collateral kills)
  Margery (D)
  7 acid blobs (D)
  A sphinx (D)
  A tengu reaver (D)
  3 shadow dragons (D)
  A player illusion (D)
  A greater naga (D)
  3 azure jellies (D)
  3 frost giants (D)
  A ghost moth (D)
  An iron dragon (D)
  Aizul (D)
  3 vault wardens (D)
  4 emperor scorpions (D)
  2 very ugly things (D)
  A draconian shifter (D)
  2 stone giants (D)
  A vampire knight (D)
  A mottled draconian (D)
  A merfolk javelineer (D)
  6 vault guards (D)
  2 ettins (D)
  3 merfolk impalers (D)
  A death ooze (D)
  2 great orbs of eyes (D)
  A yaktaur captain (D)
  A naga warrior (D)
  2 entropy weavers (D)
  3 hydras (D)
  2 merfolk avatars (D)
  A salamander stormcaller (D)
  A catoblepas (D)
  A merfolk aquamancer (D)
  A centaur warrior (D)
  3 ogre magi (D)
  2 tengu warriors (D)
  A death yak (D)
  A shock serpent (D)
  A vampire mage (D)
  Sonja (D)
  A small abomination (D)
  2 flayed ghosts (D)
  2 deep trolls (D)
  A sea snake (D)
  A giant orange brain (D)
  A necromancer (D)
  A swamp dragon (D)
  A hill giant (D)
  3 orc knights (D)
  An ironbrand convoker (D)
  A sixfirhy (D)
  A water nymph (D)
  A cyclops (D)
  7 orc sorcerers (D)
  A siren (D)
  A hornet (D)
  4 moths of wrath (D)
  A gargoyle (D)
  A spiny frog (D)
  2 komodo dragons (D)
  2 black mambas (D)
  3 yaktaurs (D)
  A demonic crawler (D)
  5 guardian mummies (D)
  A freezing wraith (D)
  A merfolk (D)
  A blink frog (D)
  A raven (D)
  3 jumping spiders (D)
  A slime creature (D)
  2 boulder beetles (D)
  3 redbacks (D)
  A wyvern (D)
  A deep elf fighter (D)
  2 vampires (D)
  A basilisk (D)
  6 yaks (D)
  A wolf (D)
  2 hippogriffs (D)
  A naga (D)
  7 orc warriors (D)
  A soldier ant (D)
  A porcupine (D)
  2 crocodiles (D)
  A giant frog (D)
  A wight (D)
  A hound (D)
  4 orc priests (D)
  11 orc wizards (D)
  A worker ant (D)
  2 shadow imps (D)
  An adder zombie (D)
  6 orcs (D)
  2 bat skeletons (D)
  A ball python skeleton (D)
190 creatures vanquished.

Vanquished Creatures (others)
  Ilsuiw (D)
  3 stone giants (D)
  A hydra (D)
  22 sun demons (D)
  24 ice devils (D)
  8 deep trolls (D)
  3 iron trolls (D)
  A shadow wraith (D)
  24 soul eaters (D)
  4 hill giants (D)
  39 sixfirhies (D)
  35 smoke demons (D)
  A spiny frog (D)
  2 polar bears (D)
  14 trolls (D)
  7 two-headed ogres (D)
  4 water elementals (D)
  A swamp drake (D)
  A black bear (D)
  14 ogres (D)
  2 lost souls (D)
  A crimson imp (D)
  A quasit (D)
  An orc wizard (D)
  A white imp (D)
  An ufetubus (D)
216 creatures vanquished.

Grand Total: 729 creatures vanquished

Notes
Turn   | Place    | Note
--------------------------------------------------------------
     0 | D        | Monkaria the Demonspawn Berserker began the quest for the Orb.
     0 | D        | Reached XP level 1. HP: 18/18 MP: 1/1
    10 | D        | Reached skill level 4 in Fighting
    11 | D        | Acquired Trog's second power
    15 | D        | Reached skill level 5 in Fighting
    15 | D        | Gained mutation: A weak demonic guardian rushes to your aid. [demonic ancestry]
    15 | D        | Reached XP level 2. HP: 14/27 MP: 2/2
   158 | D        | Noticed a crimson imp
   265 | D        | Killed a crimson imp
   265 | D        | Acquired Trog's third power
   265 | D        | Reached skill level 5 in Long Blades
   265 | D        | Reached XP level 3. HP: 17/33 MP: 3/3
   303 | D        | Found a glowing silver altar of Zin.
   303 | D        | Found a glowing golden altar of the Shining One.
   303 | D        | Found an ancient bone altar of Kikubaaqudgha.
   303 | D        | Found a basalt altar of Yredelemnul.
   303 | D        | Found a shimmering altar of Xom.
   303 | D        | Found a radiant altar of Vehumet.
   304 | D        | Found an iron altar of Okawaru.
   305 | D        | Found a burning altar of Makhleb.
   306 | D        | Found a deep blue altar of Sif Muna.
   307 | D        | Found a bloodstained altar of Trog.
   308 | D        | Found a sparkling altar of Nemelex Xobeh.
   309 | D        | Found a white marble altar of Elyvilon.
   310 | D        | Found a roughly hewn altar of Beogh.
   311 | D        | Found a viscous altar of Jiyva.
   312 | D        | Found a corrupted altar of Lugonu.
   313 | D        | Found a blossoming altar of Fedhas.
   314 | D        | Found a snail-covered altar of Cheibriados.
   315 | D        | Found a shadowy altar of Dithmenos.
   316 | D        | Found a stormy altar of Qazlal.
   317 | D        | Found an opulent altar of Gozag.
   318 | D        | Found a sacrificial altar of Ru.
   441 | D        | Noticed a hill giant
   441 | D        | Noticed a hound
   441 | D        | Noticed an ice beast
   441 | D        | Noticed an orc warrior
   463 | D        | Killed a hill giant
   463 | D        | Reached skill level 11 in Long Blades
   463 | D        | Gained mutation: Your flesh is cold resistant. [demonic ancestry]
   463 | D        | Reached XP level 4. HP: 20/39 MP: 4/4
   463 | D        | Gained mutation: A demonic guardian rushes to your aid. [demonic ancestry]
   463 | D        | Reached XP level 5. HP: 22/44 MP: 5/5
   464 | D        | Gained mutation: You have a pair of small antennae on your head. [demonic ancestry]
   464 | D        | Reached XP level 6. HP: 26/51 MP: 6/6
   465 | D        | Killed a hound
   477 | D        | Killed an ice beast
   477 | D        | Reached skill level 12 in Long Blades
   524 | D        | Killed an orc warrior
   749 | D        | Noticed a vampire
   749 | D        | Noticed a gargoyle
   749 | D        | Noticed a wyvern
   749 | D        | Noticed a yak
   749 | D        | Noticed a worker ant
   751 | D        | Killed a vampire
   751 | D        | Reached XP level 7. HP: 56/56 MP: 7/7
   752 | D        | Killed a gargoyle
   754 | D        | Killed a wyvern
   755 | D        | Killed a yak
   757 | D        | Killed a worker ant
   940 | D        | Noticed a hippogriff
   940 | D        | Noticed a basilisk
   940 | D        | Noticed a porcupine
   940 | D        | Noticed a crocodile
   940 | D        | Noticed a blink frog
   940 | D        | Noticed a five-headed hydra
   941 | D        | Killed a hippogriff
   943 | D        | Killed a basilisk
   948 | D        | Killed a five-headed hydra
   948 | D        | Reached skill level 10 in Armour
   948 | D        | Gained mutation: You are immune to freezing clouds. [demonic ancestry]
   948 | D        | Reached XP level 8. HP: 62/62 MP: 8/8
   949 | D        | Noticed an eight-headed hydra
   949 | D        | Killed a porcupine
   949 | D        | Killed a crocodile
   951 | D        | Noticed a black mamba
   957 | D        | Killed an eight-headed hydra
   964 | D        | Killed a black mamba
   967 | D        | Killed a blink frog
   967 | D        | Reached XP level 9. HP: 41/68 MP: 9/9
  1099 | D        | Noticed a hippogriff
  1099 | D        | Noticed a yak
  1099 | D        | Noticed a crocodile
  1099 | D        | Noticed a six-headed hydra
  1099 | D        | Noticed a giant frog
  1099 | D        | Noticed a komodo dragon
  1101 | D        | Killed a hippogriff
  1101 | D        | Reached skill level 13 in Armour
  1104 | D        | Killed a seven-headed hydra
  1106 | D        | Killed a yak
  1106 | D        | Reached skill level 14 in Armour
  1107 | D        | Noticed a spiny frog
  1107 | D        | Killed a crocodile
  1109 | D        | Noticed a komodo dragon
  1109 | D        | Killed a giant frog
  1109 | D        | Received a gift from Trog
  1110 | D        | Noticed a wolf
  1110 | D        | Killed a komodo dragon
  1112 | D        | Killed a spiny frog
  1114 | D        | Killed a komodo dragon
  1119 | D        | Killed a wolf
  1135 | D        | Noticed a catoblepas
  1135 | D        | Noticed a death yak
  1135 | D        | Noticed a yak
  1135 | D        | Noticed a yak
  1135 | D        | Noticed a yak
  1135 | D        | Noticed a death yak
  1139 | D        | Killed a catoblepas
  1139 | D        | Reached skill level 15 in Armour
  1141 | D        | Killed a death yak
  1141 | D        | Received a gift from Trog
  1142 | D        | Noticed a catoblepas
  1169 | D        | Noticed a yak
  1175 | D        | Killed a death yak
  1175 | D        | Reached skill level 16 in Armour
  1175 | D        | Reached XP level 10. HP: 52/74 MP: 10/10
  1207 | D        | Killed a catoblepas
  1221 | D        | Killed a yak
  1221 | D        | Reached skill level 17 in Armour
  1225 | D        | Killed a yak
  1225 | D        | Received a gift from Trog
  1230 | D        | Killed a yak
  1232 | D        | Killed a yak
  1584 | D        | Noticed an orc warrior
  1584 | D        | Noticed an orc priest
  1584 | D        | Noticed an orc wizard
  1585 | D        | Killed an orc warrior
  1589 | D        | Noticed an orc wizard
  1589 | D        | Killed an orc priest
  1590 | D        | Killed an orc wizard
  1592 | D        | Noticed an orc priest
  1592 | D        | Noticed an orc wizard
  1592 | D        | Killed an orc wizard
  1592 | D        | Received a gift from Trog
  1595 | D        | Killed an orc priest
  1595 | D        | Received a gift from Trog
  1596 | D        | Killed an orc wizard
  1600 | D        | Noticed an orc warrior
  1602 | D        | Noticed an orc priest
  1604 | D        | Killed an orc warrior
  1607 | D        | Killed an orc priest
  1619 | D        | Noticed an orc wizard
  1619 | D        | Noticed an orc knight
  1619 | D        | Noticed an orc warrior
  1619 | D        | Noticed an orc warrior
  1619 | D        | Noticed an orc warrior
  1619 | D        | Noticed an orc priest
  1628 | D        | Killed an orc knight
  1630 | D        | Killed an orc warrior
  1633 | D        | Killed an orc warrior
  1635 | D        | Killed an orc warrior
  1636 | D        | Noticed an orc wizard
  1636 | D        | Killed an orc wizard
  1636 | D        | Received a gift from Trog
  1637 | D        | Killed an orc priest
  1638 | D        | Killed an orc wizard
  1639 | D        | Noticed an orc sorcerer
  1640 | D        | Killed an orc sorcerer
  1640 | D        | Received a gift from Trog
  1641 | D        | Noticed an orc warrior
  1643 | D        | Killed an orc warrior
  1645 | D        | Noticed an orc warrior
  1649 | D        | Noticed an orc sorcerer
  1649 | D        | Killed an orc warrior
  1651 | D        | Killed an orc sorcerer
  1756 | D        | Found Xaun's Book Emporium.
  1756 | D        | Noticed an orc sorcerer
  1756 | D        | Noticed an orc wizard
  1756 | D        | Noticed an orc wizard
  1756 | D        | Noticed an orc sorcerer
  1756 | D        | Noticed an orc wizard
  1758 | D        | Killed an orc sorcerer
  1759 | D        | Killed an orc wizard
  1760 | D        | Killed an orc sorcerer
  1760 | D        | Received a gift from Trog
  1763 | D        | Killed an orc wizard
  1764 | D        | Noticed an orc sorcerer
  1764 | D        | Killed an orc sorcerer
  1764 | D        | Received a gift from Trog
  1767 | D        | Noticed an orc wizard
  1770 | D        | Killed an orc wizard
  1774 | D        | Found Verghul's Antique Armour Shoppe.
  1774 | D        | Killed an orc wizard
  1778 | D        | Found Fymaer's Magic Scroll Emporium.
  1780 | D        | Noticed an orc sorcerer
  1781 | D        | Found Awigivas's General Store.
  1786 | D        | Killed an orc sorcerer
  1790 | D        | Noticed an orc sorcerer
  1791 | D        | Noticed an orc wizard
  1792 | D        | Noticed an orc wizard
  1792 | D        | Noticed an orc wizard
  1798 | D        | Noticed a sixfirhy
  1802 | D        | Killed a sixfirhy
  1806 | D        | Killed an orc sorcerer
  1806 | D        | Received a gift from Trog
  1806 | D        | Reached skill level 15 in Long Blades
  1807 | D        | Killed an orc wizard
  1808 | D        | Killed an orc wizard
  1809 | D        | Killed an orc wizard
  1824 | D        | Noticed an orc wizard
  1828 | D        | Killed an orc wizard
  1828 | D        | Received a gift from Trog
  1936 | D        | Bought a scorched ice dragon armour for 1300 gold pieces
  1938 | D        | Bought a scroll of magic mapping for 45 gold pieces
  1938 | D        | Bought 3 scrolls of fog for 78 gold pieces
  1940 | D        | Bought an uncursed amulet of faith for 480 gold pieces
  1951 | D        | Identified the +8 ice dragon armour "Huraa" {rF- rC++ MR+ Str+3} (You bought it in a shop in the Dungeon)
  2155 | D        | Noticed an orc knight
  2155 | D        | Noticed a wight
  2155 | D        | Noticed a soldier ant
  2160 | D        | Killed an orc knight
  2162 | D        | Killed a wight
  2164 | D        | Noticed a yaktaur
  2166 | D        | Noticed a tengu warrior
  2166 | D        | Killed a soldier ant
  2168 | D        | Noticed a stone giant
  2169 | D        | Killed a yaktaur
  2169 | D        | Received a gift from Trog
  2172 | D        | Killed a tengu warrior
  2172 | D        | Gained mutation: You have a pair of antennae on your head. [demonic ancestry]
  2172 | D        | Reached XP level 11. HP: 79/79 MP: 11/11
  2180 | D        | Noticed a jiangshi
  2183 | D        | Noticed an ettin
  2185 | D        | Killed a stone giant
  2186 | D        | Killed a vampire mage
  2189 | D        | Killed an ettin
  2194 | D        | Noticed a flayed ghost
  2195 | D        | Noticed a brown very ugly thing
  2196 | D        | Noticed a necromancer
  2200 | D        | Killed a brown very ugly thing
  2200 | D        | Received a gift from Trog
  2201 | D        | Killed a flayed ghost
  2216 | D        | Noticed a very ugly thing zombie
  2217 | D        | Killed a necromancer
  2252 | D        | Got a translucent great sword {god gift}
  2282 | D        | Identified the +3 great sword of Guilt {slice, MR+++} (Trog gifted it to you in the Dungeon)
  2380 | D        | Noticed a shock serpent
  2380 | D        | Noticed a naga warrior
  2380 | D        | Noticed a salamander
  2380 | D        | Noticed a black mamba
  2380 | D        | Noticed a shock serpent
  2380 | D        | Noticed a naga
  2388 | D        | Noticed a black mamba
  2400 | D        | Killed a shock serpent
  2400 | D        | Received a gift from Trog
  2654 | D        | Killed a salamander
  2672 | D        | Killed a naga warrior
  2696 | D        | Killed a shock serpent
  2696 | D        | Reached skill level 18 in Long Blades
  2699 | D        | Killed a black mamba
  2699 | D        | Received a gift from Trog
  2727 | D        | Noticed a black mamba
  2731 | D        | Killed a naga
  2732 | D        | Noticed a naga
  2735 | D        | Killed a black mamba
  2738 | D        | Killed a black mamba
  2743 | D        | Killed a naga
  2904 | D        | Noticed a jumping spider
  2904 | D        | Noticed a redback
  2904 | D        | Noticed an entropy weaver
  2904 | D        | Noticed a redback
  2904 | D        | Noticed a trapdoor spider
  2905 | D        | Killed a jumping spider
  2907 | D        | Killed a ghost moth
  2917 | D        | Killed a redback
  2917 | D        | Received a gift from Trog
  2919 | D        | Noticed a jumping spider
  2922 | D        | Killed a jumping spider
  2922 | D        | Reached skill level 19 in Long Blades
  2928 | D        | Noticed a redback
  2978 | D        | Killed an entropy weaver
  2988 | D        | Killed a redback
  3008 | D        | Killed a redback
  3020 | D        | Killed a trapdoor spider
  3042 | D        | Gained mutation: You tend to lose your temper in combat. [mutagenic meat]
  3056 | D        | Noticed a trapdoor spider
  3059 | D        | Killed a trapdoor spider
  3091 | D        | Noticed a seven-headed hydra
  3091 | D        | Noticed a raven
  3091 | D        | Noticed a swamp drake
  3091 | D        | Noticed an insubstantial wisp
  3091 | D        | Noticed a swamp drake
  3091 | D        | Noticed a spiny frog
  3101 | D        | Killed a seven-headed hydra
  3107 | D        | Killed an insubstantial wisp
  3111 | D        | Killed a swamp drake
  3112 | D        | Killed a raven
  3112 | D        | Received a gift from Trog
  3115 | D        | Noticed a ghost crab
  3117 | D        | Killed a swamp drake
  3120 | D        | Killed a spiny frog
  3123 | D        | Noticed a ghost crab
  3124 | D        | Noticed a spiny frog
  3128 | D        | Killed a spiny frog
  3135 | D        | Noticed a spectral six-headed hydra
  3149 | D        | Killed a ghost crab
  3154 | D        | Killed a ghost crab
  3154 | D        | Reached skill level 20 in Long Blades
  3154 | D        | Reached XP level 12. HP: 27/86 MP: 12/12
  3260 | D        | Noticed a siren
  3260 | D        | Noticed a water nymph
  3260 | D        | Noticed a merfolk aquamancer
  3260 | D        | Noticed a merfolk avatar
  3260 | D        | Noticed a sea snake
  3260 | D        | Noticed a merfolk
  3263 | D        | Killed a siren
  3264 | D        | Killed a water nymph
  3264 | D        | Received a gift from Trog
  3266 | D        | Killed a merfolk aquamancer
  3271 | D        | Killed a merfolk avatar
  3272 | D        | Killed a sea snake
  3273 | D        | Noticed a harpy
  3274 | D        | Noticed a merfolk
  3277 | D        | Noticed a snapping turtle
  3277 | D        | Killed a merfolk
  3277 | D        | Received a gift from Trog
  3279 | D        | Got a dazzling hunting sling {god gift}
  3284 | D        | Killed a harpy
  3290 | D        | Killed a merfolk
  3303 | D        | Killed a snapping turtle
  3442 | D        | Noticed Sonja
  3449 | D        | Killed Sonja
  3449 | D        | Received a gift from Trog
  3479 | D        | Noticed Aizul
  3487 | D        | Killed Aizul
  3487 | D        | Reached skill level 21 in Long Blades
  3519 | D        | Gained mutation: You can spit weak poison. [mutagenic meat]
  3520 | D        | Gained mutation: Scrolls take you a little longer to read. [mutagenic meat]
  3521 | D        | Gained mutation: Armour fits poorly on your strangely shaped body. [mutagenic meat]
  3522 | D        | Gained mutation: You are covered in fur (AC +1). [mutagenic meat]
  3525 | D        | Lost mutation: Scrolls take you a little longer to read. [potion of cure mutation]
  3525 | D        | Lost mutation: You can spit weak poison. [potion of cure mutation]
  3525 | D        | Lost mutation: Armour fits poorly on your strangely shaped body. [potion of cure mutation]
  3586 | D        | Noticed a great orb of eyes
  3586 | D        | Noticed a great orb of eyes
  3586 | D        | Noticed a giant orange brain
  3586 | D        | Noticed a slime creature
  3586 | D        | Noticed an ettin
  3586 | D        | Noticed a fire dragon
  3589 | D        | Killed a great orb of eyes
  3605 | D        | Killed a great orb of eyes
  3605 | D        | Received a gift from Trog
  3608 | D        | Killed a giant orange brain
  3612 | D        | Killed a slime creature
  3615 | D        | Noticed a stone giant
  3617 | D        | Noticed a tengu warrior
  3619 | D        | Noticed a yaktaur
  3620 | D        | Killed an ettin
  3621 | D        | Noticed a yaktaur
  3626 | D        | Killed a fire dragon
  3626 | D        | Received a gift from Trog
  3628 | D        | Noticed a tengu reaver
  3632 | D        | Killed a stone giant
  3641 | D        | Noticed an iron dragon
  3643 | D        | Killed a tengu reaver
  3647 | D        | Killed a tengu warrior
  3647 | D        | Received a gift from Trog
  3654 | D        | Killed an iron dragon
  3656 | D        | Killed a yaktaur
  3656 | D        | Killed a yaktaur
  3674 | D        | Noticed a purple very ugly thing
  3675 | D        | Noticed a frost giant
  3676 | D        | Noticed a stone giant
  3688 | D        | Killed a purple very ugly thing
  3691 | D        | Noticed an ice dragon
  3703 | D        | Noticed a stone giant
  3714 | D        | Killed a frost giant
  3714 | D        | Received a gift from Trog
  3726 | D        | Killed a stone giant
  3736 | D        | Killed an ice dragon
  3740 | D        | Killed a stone giant
  3740 | D        | Received a gift from Trog
  3740 | D        | Reached XP level 13. HP: 76/91 MP: 13/13
  3741 | D        | Noticed an entropy weaver
  3754 | D        | Killed an entropy weaver
  3802 | D        | Got a crystal great sword {god gift}
  3831 | D        | Identified the +13 great sword of Insufficient Pleasure {freeze, Int+3} (Trog gifted it to you in the Dungeon)
  3836 | D        | Gained mutation: Scrolls take you a little longer to read. [mutagenic meat]
  3837 | D        | Gained mutation: Scrolls take you longer to read. [mutagenic meat]
  3838 | D        | Gained mutation: Scrolls take you much longer to read. [mutagenic meat]
  3841 | D        | Lost mutation: Scrolls take you much longer to read. [potion of cure mutation]
  3841 | D        | Lost mutation: Scrolls take you longer to read. [potion of cure mutation]
  3841 | D        | Lost mutation: Scrolls take you a little longer to read. [potion of cure mutation]
  3841 | D        | Lost mutation: You tend to lose your temper in combat. [potion of cure mutation]
  3841 | D        | Lost mutation: You are covered in fur (AC +1). [potion of cure mutation]
  3844 | D        | Noticed a centaur warrior
  3844 | D        | Noticed an ogre mage
  3844 | D        | Noticed a cyclops
  3844 | D        | Noticed an ogre mage
  3844 | D        | Noticed an ice dragon
  3844 | D        | Noticed a black bear
  3846 | D        | Killed a centaur warrior
  3847 | D        | Killed an ogre mage
  3847 | D        | Received a gift from Trog
  3850 | D        | Killed a cyclops
  3852 | D        | Killed an ogre mage
  3852 | D        | Received a gift from Trog
  3853 | D        | Got a translucent triple sword {god gift}
  3856 | D        | Noticed an ironheart preserver
  3857 | D        | Killed a black bear
  3858 | D        | Noticed a vault sentinel
  3859 | D        | Noticed a slime creature
  3861 | D        | Noticed a vault warden
  3871 | D        | Noticed a griffon
  3871 | D        | Killed an ice dragon
  3872 | D        | Noticed a freezing wraith
  3873 | D        | Noticed a harpy
  3874 | D        | Killed an ironheart preserver
  3878 | D        | Killed a vault sentinel
  3878 | D        | Received a gift from Trog
  3881 | D        | Killed a slime creature
  3881 | D        | Reached skill level 10 in Fighting
  3882 | D        | Noticed an ironheart preserver
  3886 | D        | Killed a vault warden
  3894 | D        | Noticed a salamander stormcaller
  3897 | D        | Killed a griffon
  3899 | D        | Noticed a sphinx
  3901 | D        | Killed a freezing wraith
  3902 | D        | Noticed a vault warden
  3903 | D        | Killed a harpy
  3906 | D        | Killed an ironheart preserver
  3906 | D        | Received a gift from Trog
  3908 | D        | Noticed a yaktaur captain
  3911 | D        | Noticed an orc knight
  3912 | D        | Killed a shadow wraith
  3918 | D        | Killed a salamander stormcaller
  3920 | D        | Killed a sphinx
  3922 | D        | Killed a vault warden
  3922 | D        | Received a gift from Trog
  3928 | D        | Killed a yaktaur captain
  3929 | D        | Noticed a vault warden
  3930 | D        | Killed an orc knight
  3935 | D        | Killed a vault warden
  3996 | D        | Identified the +1 triple sword of Plague {flame, Int+3 SInv} (Trog gifted it to you in the Dungeon)
  4280 | D        | Noticed a moth of wrath
  4280 | D        | Noticed a jumping spider
  4280 | D        | Noticed a demonic crawler
  4280 | D        | Noticed an emperor scorpion
  4280 | D        | Noticed an emperor scorpion
  4280 | D        | Noticed a moth of wrath
  4282 | D        | Killed a moth of wrath
  4282 | D        | Received a gift from Trog
  4283 | D        | Killed a demonic crawler
  4286 | D        | Killed an emperor scorpion
  4287 | D        | Killed a jumping spider
  4287 | D        | Reached skill level 15 in Fighting
  4296 | D        | Killed an emperor scorpion
  4296 | D        | Received a gift from Trog
  4297 | D        | Killed a moth of wrath
  4304 | D        | Killed a ghost moth
  4305 | D        | Noticed an emperor scorpion
  4306 | D        | Noticed a jumping spider
  4307 | D        | Noticed an emperor scorpion
  4309 | D        | Noticed an emperor scorpion
  4311 | D        | Killed a jumping spider
  4340 | D        | Killed an emperor scorpion
  4370 | D        | Killed an emperor scorpion
  4385 | D        | Killed an emperor scorpion
  4420 | D        | Noticed an emperor scorpion
  4422 | D        | Got a gossamer rune of Zot
  4428 | D        | Killed a ghost moth
  4453 | D        | Killed an emperor scorpion
  4472 | D        | Gained mutation: Armour fits poorly on your strangely shaped body. [mutagenic meat]
  4673 | D        | Noticed an eight-headed hydra
  4673 | D        | Noticed a six-headed hydra
  4673 | D        | Noticed a five-headed hydra
  4673 | D        | Noticed a five-headed hydra
  4673 | D        | Noticed a swamp dragon
  4673 | D        | Noticed a seven-headed hydra
  4678 | D        | Noticed a hornet
  4678 | D        | Killed a five-headed hydra
  4678 | D        | Reached XP level 14. HP: 106/130 MP: 14/14
  4681 | D        | Noticed a swamp dragon
  4681 | D        | Killed a four-headed hydra
  4685 | D        | Noticed an eight-headed hydra
  4686 | D        | Killed a one-headed hydra
  4686 | D        | Received a gift from Trog
  4689 | D        | Killed a two-headed hydra
  4692 | D        | Noticed a swamp dragon
  4692 | D        | Killed a swamp dragon
  4696 | D        | Killed a four-headed hydra
  4703 | D        | Killed a hornet
  4706 | D        | Killed a swamp dragon
  4710 | D        | Noticed a swamp dragon
  4711 | D        | Killed a six-headed hydra
  4713 | D        | Noticed an eight-headed hydra
  4718 | D        | Killed a swamp dragon
  4723 | D        | Killed a swamp dragon
  4723 | D        | Received a gift from Trog
  4725 | D        | Killed a six-headed hydra
  4737 | D        | Noticed a swamp dragon
  4747 | D        | Killed a swamp dragon
  4754 | D        | Got a decaying rune of Zot
  4996 | D        | Noticed a merfolk javelineer
  4996 | D        | Noticed a merfolk impaler
  4996 | D        | Noticed a merfolk aquamancer
  4996 | D        | Noticed a merfolk javelineer
  4996 | D        | Noticed a merfolk aquamancer
  4996 | D        | Noticed a merfolk avatar
  5002 | D        | Noticed Ilsuiw
  5021 | D        | Noticed a merfolk impaler
  5028 | D        | Killed a merfolk aquamancer
  5029 | D        | Killed Ilsuiw
  5032 | D        | Noticed a merfolk impaler
  5032 | D        | Killed a merfolk javelineer
  5035 | D        | Noticed a merfolk aquamancer
  5035 | D        | Killed a merfolk javelineer
  5038 | D        | Killed a merfolk aquamancer
  5038 | D        | Received a gift from Trog
  5042 | D        | Noticed a merfolk impaler
  5046 | D        | Killed a merfolk aquamancer
  5049 | D        | Noticed a merfolk avatar
  5050 | D        | Killed a merfolk avatar
  5050 | D        | Received a gift from Trog
  5050 | D        | Reached skill level 22 in Long Blades
  5051 | D        | Noticed a merfolk javelineer
  5056 | D        | Killed a merfolk impaler
  5059 | D        | Killed a merfolk impaler
  5069 | D        | Killed a merfolk avatar
  5069 | D        | Received a gift from Trog
  5095 | D        | Killed a merfolk javelineer
  5098 | D        | Killed a merfolk impaler
  5410 | D        | Killed a merfolk impaler
  5450 | D        | Got a barnacled rune of Zot
  5504 | D        | Noticed a guardian serpent
  5504 | D        | Noticed a greater naga
  5504 | D        | Noticed a greater naga
  5504 | D        | Noticed a naga warrior
  5504 | D        | Noticed a naga warrior
  5504 | D        | Noticed a greater naga
  5510 | D        | Noticed a naga warrior
  5510 | D        | Killed a greater naga
  5513 | D        | Killed a greater naga
  5513 | D        | Reached skill level 5 in Dodging
  5514 | D        | Noticed a greater naga
  5517 | D        | Killed a naga warrior
  5520 | D        | Killed a greater naga
  5527 | D        | Noticed a naga
  5529 | D        | Killed a greater naga
  5529 | D        | Received a gift from Trog
  5531 | D        | Noticed a guardian serpent
  5534 | D        | Killed a guardian serpent
  5547 | D        | Killed a naga warrior
  5550 | D        | Killed a naga
  5550 | D        | Received a gift from Trog
  5553 | D        | Killed a naga warrior
  5553 | D        | Reached skill level 10 in Dodging
  5559 | D        | Killed a guardian serpent
  5580 | D        | Noticed a naga warrior
  5581 | D        | Noticed a naga
  5582 | D        | Noticed a greater naga
  5586 | D        | Got a serpentine rune of Zot
  5596 | D        | Killed a greater naga
  5596 | D        | Received a gift from Trog
  5598 | D        | Killed a naga warrior
  5601 | D        | Killed a naga
  5775 | D        | Noticed a vault guard
  5775 | D        | Noticed a vault guard
  5775 | D        | Noticed a vault guard
  5775 | D        | Noticed a vault guard
  5775 | D        | Noticed a vault guard
  5775 | D        | Noticed a vault guard
  5779 | D        | Killed a vault guard
  5784 | D        | Killed a vault guard
  5784 | D        | Received a gift from Trog
  5786 | D        | Killed a vault guard
  5793 | D        | Killed a vault guard
  5796 | D        | Noticed a vault guard
  5800 | D        | Noticed a vault guard
  5801 | D        | Killed a vault guard
  5803 | D        | Noticed a vault guard
  5804 | D        | Killed a vault guard
  5823 | D        | Killed a vault guard
  5823 | D        | Received a gift from Trog
  5827 | D        | Killed a vault guard
  5833 | D        | Killed a vault guard
  5833 | D        | Reached XP level 15. HP: 141/141 MP: 15/15
  5838 | D        | Noticed a vault guard
  5844 | D        | Killed a vault guard
  5848 | D        | Noticed a vault guard
  5849 | D        | Noticed a vault guard
  5850 | D        | Noticed a vault guard
  5851 | D        | Noticed a vault guard
  5852 | D        | Noticed a vault guard
  5852 | D        | Killed a vault guard
  5852 | D        | Received a gift from Trog
  5855 | D        | Noticed a vault guard
  5855 | D        | Killed a vault guard
  5858 | D        | Noticed a vault guard
  5860 | D        | Noticed a vault guard
  5861 | D        | Killed a vault guard
  5862 | D        | Noticed a vault guard
  5869 | D        | Killed a vault guard
  5869 | D        | Reached skill level 15 in Dodging
  5871 | D        | Killed a vault guard
  5876 | D        | Killed a vault guard
  5876 | D        | Received a gift from Trog
  5879 | D        | Killed a vault guard
  5883 | D        | Killed a vault guard
  5888 | D        | Killed a vault guard
  5898 | D        | Noticed a vault guard
  5899 | D        | Noticed a vault guard
  5900 | D        | Noticed a vault guard
  5901 | D        | Noticed a vault guard
  5903 | D        | Noticed a vault guard
  5904 | D        | Killed a vault guard
  5904 | D        | Received a gift from Trog
  5906 | D        | Noticed a vault guard
  5908 | D        | Killed a vault guard
  5917 | D        | Killed a vault guard
  5922 | D        | Killed a vault guard
  5927 | D        | Killed a vault guard
  5927 | D        | Received a gift from Trog
  5931 | D        | Killed a vault guard
  5983 | D        | Noticed a fire giant
  5983 | D        | Noticed an ironbrand convoker
  5983 | D        | Noticed an ettin
  5983 | D        | Noticed an ironbrand convoker
  5983 | D        | Noticed a deep troll
  5983 | D        | Noticed a stone giant
  5987 | D        | Killed a fire giant
  5993 | D        | Noticed a deep elf fighter
  5996 | D        | Noticed a frost giant
  5997 | D        | Killed a stone giant
  5999 | D        | Killed an ironbrand convoker
  5999 | D        | Received a gift from Trog
  6000 | D        | Noticed a boulder beetle
  6021 | D        | Killed a frost giant
  6021 | D        | Killed an ettin
  6023 | D        | Killed an ironbrand convoker
  6023 | D        | Received a gift from Trog
  6025 | D        | Killed a deep troll
  6025 | D        | Killed a deep elf fighter
  6027 | D        | Killed a boulder beetle
  6042 | D        | Noticed a flayed ghost
  6045 | D        | Noticed a frost giant
  6046 | D        | Killed a flayed ghost
  6051 | D        | Noticed a shadow dragon
  6054 | D        | Killed a frost giant
  6055 | D        | Noticed a shadow dragon
  6056 | D        | Noticed a boulder beetle
  6059 | D        | Noticed a deep troll
  6061 | D        | Noticed a hornet
  6066 | D        | Killed a shadow dragon
  6070 | D        | Killed a shadow dragon
  6074 | D        | Noticed a vault warden
  6075 | D        | Killed a boulder beetle
  6080 | D        | Killed a vault warden
  6082 | D        | Killed a deep troll
  6082 | D        | Received a gift from Trog
  6087 | D        | Killed a hornet
  6175 | D        | Noticed a deep elf priest
  6175 | D        | Noticed a shadow dragon
  6175 | D        | Noticed an orc knight
  6175 | D        | Noticed a stone giant
  6175 | D        | Noticed a quicksilver dragon
  6175 | D        | Noticed a shadow dragon
  6182 | D        | Killed a shadow dragon
  6203 | D        | Killed a stone giant
  6228 | D        | Noticed a shadow dragon
  6232 | D        | Noticed an ogre mage
  6232 | D        | Killed a shadow dragon
  6232 | D        | Received a gift from Trog
  6237 | D        | Killed a quicksilver dragon
  6238 | D        | Killed a deep elf priest
  6254 | D        | Killed a shadow dragon
  6256 | D        | Killed an orc knight
  6272 | D        | Killed an ogre mage
  6289 | D        | Noticed a vault sentinel
  6302 | D        | Killed a vault sentinel
  6302 | D        | Received a gift from Trog
  6312 | D        | Got a silver rune of Zot
  6507 | D        | Got the ring "Atofuem" {rC+ rN+}
  6509 | D        | Got the ring "Ogayzys" {Wiz rF+ Slay+2 SInv}
  6511 | D        | Got the ring of Maabeig {+Inv rC+ SInv}
  6545 | D        | Got the ring "Gupodet" {rC+ SInv}
  6550 | D        | Got the amulet of Poggurcha {rCorr *Corrode +Blink Str-3 SInv}
  6683 | D        | Noticed Frederick
  6686 | D        | Noticed Jory
  6698 | D        | Killed Frederick
  6723 | D        | Killed Jory
  6724 | D        | Noticed Mennas
  6762 | D        | Killed Mennas
  6762 | D        | Reached skill level 23 in Dodging
  6762 | D        | Gained mutation: You have a pair of large antennae on your head (SInv). [demonic ancestry]
  6762 | D        | Reached XP level 16. HP: 65/149 MP: 16/16
  6785 | D        | Noticed Nikola
  6786 | D        | Noticed Xtahua
  6787 | D        | Noticed Norris
  6788 | D        | Noticed Louise
  6789 | D        | Noticed Mara
  6795 | D        | Killed Nikola
  6801 | D        | Noticed a necromancer
  6809 | D        | Noticed a hell knight
  6809 | D        | Killed Xtahua
  6809 | D        | Reached skill level 24 in Dodging
  6813 | D        | Noticed Monkaria's illusion
  6816 | D        | Killed Norris
  6816 | D        | Received a gift from Trog
  6829 | D        | Noticed Boris
  6829 | D        | Noticed Margery
  6829 | D        | Noticed a hell knight
  6829 | D        | Noticed a necromancer
  6829 | D        | Noticed a hell knight
  6840 | D        | Killed a hell knight
  6851 | D        | Killed Boris
  6851 | D        | Reached skill level 25 in Dodging
  6857 | D        | Killed a hell knight
  6863 | D        | Killed a hell knight
  6882 | D        | Killed Margery
  6884 | D        | Killed a necromancer
  6884 | D        | Received a gift from Trog
  6884 | D        | Reached skill level 26 in Dodging
  6918 | D        | Killed Monkaria's illusion
  6929 | D        | Killed Louise
  6935 | D        | Noticed Monkaria's illusion
  6938 | D        | Killed a necromancer
  6961 | D        | Killed Mara
  6967 | D        | Killed Mara
  7166 | D        | Noticed a wraith
  7166 | D        | Noticed a centaur warrior
  7166 | D        | Noticed a troll
  7166 | D        | Noticed a sky beast
  7167 | D        | Noticed a hill giant
  7169 | D        | Killed a wraith
  7173 | D        | Killed a centaur warrior
  7174 | D        | Noticed a hill giant
  7176 | D        | Noticed a manticore
  7181 | D        | Killed a troll
  7182 | D        | Killed a hill giant
  7186 | D        | Killed a hill giant
  7187 | D        | Killed a sky beast
  7191 | D        | Killed a manticore
  7191 | D        | Received a gift from Trog
  7220 | D        | Noticed a fire dragon
  7220 | D        | Noticed a black draconian
  7220 | D        | Noticed a storm dragon
  7220 | D        | Noticed an ice dragon
  7220 | D        | Noticed a mottled dragon
  7220 | D        | Noticed an ice dragon
  7224 | D        | Killed a fire dragon
  7225 | D        | Noticed a mottled draconian
  7228 | D        | Noticed a fire dragon
  7230 | D        | Killed a black draconian
  7236 | D        | Noticed a red draconian
  7241 | D        | Killed a storm dragon
  7242 | D        | Noticed a black draconian
  7246 | D        | Noticed a golden dragon
  7246 | D        | Killed an ice dragon
  7246 | D        | Received a gift from Trog
  7246 | D        | Reached skill level 27 in Dodging
  7250 | D        | Killed an ice dragon
  7256 | D        | Killed a mottled draconian
  7257 | D        | Noticed a mottled draconian
  7479 | D        | Killed a fire dragon
  7484 | D        | Killed a red draconian
  7484 | D        | Received a gift from Trog
  7490 | D        | Killed a black draconian
  7496 | D        | Killed a golden dragon
  7504 | D        | Killed a mottled draconian
  7504 | D        | Received a gift from Trog
  7507 | D        | Killed a mottled dragon
  7603 | D        | Noticed a white draconian annihilator
  7603 | D        | Noticed a death cob
  7603 | D        | Noticed a moth of wrath
  7603 | D        | Noticed a moth of wrath
  7603 | D        | Noticed a moth of wrath
  7603 | D        | Noticed a purple draconian
  7607 | D        | Noticed a green draconian knight
  7615 | D        | Killed a white draconian annihilator
  7620 | D        | Killed a death cob
  7621 | D        | Killed a moth of wrath
  7621 | D        | Received a gift from Trog
  7625 | D        | Killed a moth of wrath
  7630 | D        | Killed a moth of wrath
  7638 | D        | Killed a green draconian knight
  7644 | D        | Killed a purple draconian
  7678 | D        | Noticed a mottled draconian
  7678 | D        | Noticed an ice dragon
  7678 | D        | Noticed a tentacled monstrosity
  7678 | D        | Noticed an ice dragon
  7678 | D        | Noticed a yellow draconian scorcher
  7678 | D        | Noticed a fire dragon
  7679 | D        | Noticed a tentacled monstrosity
  7691 | D        | Killed a tentacled monstrosity
  7691 | D        | Received a gift from Trog
  7695 | D        | Killed a mottled draconian
  7696 | D        | Noticed a white draconian
  7708 | D        | Killed a tentacled monstrosity
  7710 | D        | Killed an ice dragon
  7717 | D        | Killed an ice dragon
  7717 | D        | Received a gift from Trog
  7717 | D        | Gained mutation: You are robust (+10% HP). [demonic ancestry]
  7717 | D        | Reached XP level 17. HP: 87/170 MP: 17/17
  7724 | D        | Killed a yellow draconian scorcher
  7724 | D        | Received a gift from Trog
  7729 | D        | Killed a fire dragon
  7732 | D        | Killed a white draconian
  7762 | D        | Noticed a black draconian caller
  7762 | D        | Noticed a moth of wrath
  7762 | D        | Noticed a fire dragon
  7762 | D        | Noticed a storm dragon
  7762 | D        | Noticed a fire dragon
  7762 | D        | Noticed a death cob
  7773 | D        | Killed a black draconian caller
  7773 | D        | Received a gift from Trog
  7774 | D        | Noticed a fire dragon
  7777 | D        | Noticed a purple draconian scorcher
  7780 | D        | Killed a moth of wrath
  7786 | D        | Noticed a storm dragon
  7790 | D        | Killed a storm dragon
  7796 | D        | Killed a fire dragon
  7799 | D        | Killed a fire dragon
  7799 | D        | Received a gift from Trog
  7803 | D        | Killed a death cob
  7809 | D        | Killed a fire dragon
  7815 | D        | Killed a purple draconian scorcher
  7819 | D        | Killed a storm dragon
  7819 | D        | Received a gift from Trog
  8149 | D        | Noticed a black draconian
  8149 | D        | Noticed a moth of wrath
  8149 | D        | Noticed a moth of wrath
  8149 | D        | Noticed a purple draconian shifter
  8149 | D        | Noticed a yellow draconian caller
  8149 | D        | Noticed a black draconian
  8164 | D        | Killed a purple draconian shifter
  8171 | D        | Killed a black draconian
  8174 | D        | Killed a black draconian
  8174 | D        | Received a gift from Trog
  8187 | D        | Noticed an ice dragon
  8191 | D        | Killed a moth of wrath
  8194 | D        | Noticed a fire dragon
  8201 | D        | Noticed a green draconian
  8215 | D        | Killed a yellow draconian caller
  8219 | D        | Killed a moth of wrath
  8219 | D        | Received a gift from Trog
  8229 | D        | Killed an ice dragon
  8238 | D        | Killed a fire dragon
  8245 | D        | Killed a green draconian
  8245 | D        | Received a gift from Trog
  8245 | D        | Reached skill level 27 in Long Blades
  8354 | D        | Lost mutation: Armour fits poorly on your strangely shaped body. [potion of cure mutation]
  8364 | D        | Noticed an Orb Guardian
  8364 | D        | Noticed an Orb Guardian
  8364 | D        | Noticed an Orb Guardian
  8364 | D        | Noticed an Orb Guardian
  8364 | D        | Noticed an Orb Guardian
  8364 | D        | Noticed an Orb Guardian
  8369 | D        | Killed an Orb Guardian
  8375 | D        | Killed an Orb Guardian
  8381 | D        | Killed an Orb Guardian
  8390 | D        | Killed an Orb Guardian
  8396 | D        | Killed an Orb Guardian
  8396 | D        | Received a gift from Trog
  8397 | D        | Noticed an Orb Guardian
  8403 | D        | Killed an Orb Guardian
  8404 | D        | Noticed an Orb Guardian
  8406 | D        | Killed an Orb Guardian
  8407 | D        | Noticed an Orb Guardian
  8410 | D        | Killed an Orb Guardian
  8410 | D        | Received a gift from Trog
  8411 | D        | Noticed an Orb Guardian
  8413 | D        | Killed an Orb Guardian
  8418 | D        | Killed an Orb Guardian
  8670 | D        | Noticed a ghost moth
  8670 | D        | Noticed a black draconian
  8670 | D        | Noticed an Orb Guardian
  8670 | D        | Noticed an Orb Guardian
  8670 | D        | Noticed a tentacled monstrosity
  8670 | D        | Noticed a mottled draconian
  8672 | D        | Killed a ghost moth
  8676 | D        | Noticed an Orb Guardian
  8677 | D        | Noticed an Orb Guardian
  8678 | D        | Killed a black draconian
  8682 | D        | Killed a tentacled monstrosity
  8682 | D        | Received a gift from Trog
  8693 | D        | Killed an Orb Guardian
  8695 | D        | Killed an Orb Guardian
  8704 | D        | Killed a mottled draconian
  8704 | D        | Reached skill level 27 in Armour
  8707 | D        | Killed an Orb Guardian
  8713 | D        | Killed an Orb Guardian
  8720 | D        | Gained mutation: Your flesh is heat resistant. [mutagenic meat]
  8721 | D        | Gained mutation: You possess an exceptional clarity of mind. [mutagenic meat]
  8725 | D        | Gained mutation: Armour fits poorly on your strangely shaped body. [mutagenic meat]
  8726 | D        | Gained mutation: You have sharp fingernails. [mutagenic meat]
  8998 | D        | Noticed an ancient lich
  9004 | D        | Killed an ancient lich
  9004 | D        | Gained mutation: You are partially covered in molten scales (AC +1). [demonic ancestry]
  9004 | D        | Reached XP level 18. HP: 139/187 MP: 18/18
  9123 | D        | Noticed an orb of fire
  9126 | D        | Gained mutation: You tend to lose your temper in combat. [an orb of fire]
  9130 | D        | Killed an orb of fire
  9219 | D        | Noticed an electric golem
  9228 | D        | Noticed a shadow dragon
  9228 | D        | Noticed a golden dragon
  9228 | D        | Noticed a moth of wrath
  9228 | D        | Noticed a shadow dragon
  9228 | D        | Noticed an electric golem
  9228 | D        | Noticed a golden dragon
  9233 | D        | HP: 2/190 [electric golem/bolt of lightning (14)]
  9243 | D        | HP: 6/190 [electric golem/bolt of lightning (11)]
  9243 | D        | HP: 1/190 [electric golem/bolt of lightning (5)]
  9244 | D        | Killed an electric golem
  9717 | D        | Noticed an orb of fire
  9724 | D        | Gained mutation: Your system is resistant to poisons. [an orb of fire]
  9745 | D        | Gained mutation: You expend magic power (3 MP) to strengthen your wands. [an orb of fire]
  9746 | D        | Killed an orb of fire
  9938 | D        | Noticed a moth of wrath
  9941 | D        | Noticed a red draconian knight
  9941 | D        | Killed a golden dragon
  9941 | D        | Received a gift from Trog
  9954 | D        | Killed a shadow dragon
  9955 | D        | Noticed a Killer Klown
 10201 | D        | Killed a moth of wrath
 10229 | D        | Killed an electric golem
 10418 | D        | Killed a shadow dragon
 10418 | D        | Reached skill level 27 in Fighting
 10421 | D        | Noticed a tentacled monstrosity
 10428 | D        | Killed a golden dragon
 10428 | D        | Received a gift from Trog
 10436 | D        | Killed a red draconian knight
 10437 | D        | Noticed an ancient lich
 10439 | D        | Noticed a moth of wrath
 10448 | D        | Killed a tentacled monstrosity
 10460 | D        | Killed an ancient lich
 10465 | D        | Killed a moth of wrath
 10465 | D        | Received a gift from Trog
 10469 | D        | Killed a Killer Klown
 10474 | D        | Killed a moth of wrath
 10478 | D        | Noticed a moth of wrath
 10482 | D        | Killed a moth of wrath
 10663 | D        | Noticed an Orb Guardian
 10663 | D        | Noticed an Orb Guardian
 10663 | D        | Noticed an Orb Guardian
 10663 | D        | Noticed an Orb Guardian
 10663 | D        | Noticed an Orb Guardian
 10663 | D        | Noticed an Orb Guardian
 10668 | D        | Killed an Orb Guardian
 10673 | D        | Killed an Orb Guardian
 10677 | D        | Killed an Orb Guardian
 10677 | D        | Received a gift from Trog
 10678 | D        | Noticed a moth of wrath
 10703 | D        | Killed an Orb Guardian
 10711 | D        | Killed an Orb Guardian
 10715 | D        | Killed an Orb Guardian
 10715 | D        | Received a gift from Trog
 10716 | D        | Killed a moth of wrath
 11042 | D        | Noticed an Orb Guardian
 11043 | D        | Noticed an Orb Guardian
 11044 | D        | Noticed an Orb Guardian
 11050 | D        | Killed an Orb Guardian
 11055 | D        | Killed an Orb Guardian
 11055 | D        | Received a gift from Trog
 11058 | D        | Killed an Orb Guardian
 11059 | D        | Noticed an Orb Guardian
 11067 | D        | Killed an Orb Guardian
 11069 | D        | Noticed an Orb Guardian
 11075 | D        | Killed an Orb Guardian
 11075 | D        | Gained mutation: You are mostly covered in molten scales (AC +3, EV -1). [demonic ancestry]
 11075 | D        | Reached XP level 19. HP: 115/207 MP: 34/34
 11078 | D        | Noticed a moth of wrath
 11087 | D        | Killed a moth of wrath
 11087 | D        | Received a gift from Trog
 11093 | D        | Noticed an Orb Guardian
 11098 | D        | Killed an Orb Guardian
 11363 | D        | Noticed a vampire knight
 11363 | D        | Noticed a lich
 11363 | D        | Noticed a vampire knight
 11363 | D        | Noticed a vampire knight
 11363 | D        | Noticed a vampire knight
 11363 | D        | Noticed a vampire knight
 11371 | D        | Killed a lich
 11372 | D        | Noticed a lich
 11373 | D        | Noticed a vampire knight
 11374 | D        | Killed a vampire knight
 11375 | D        | Noticed a vampire knight
 11376 | D        | Noticed a vampire knight
 11379 | D        | Killed a vampire knight
 11389 | D        | Killed a lich
 11389 | D        | Received a gift from Trog
 11390 | D        | Noticed a vampire knight
 11392 | D        | Killed a vampire knight
 11394 | D        | Killed a vampire knight
 11398 | D        | Killed a vampire knight
 11401 | D        | Killed a vampire knight
 11404 | D        | Killed a vampire knight
 11409 | D        | Killed a vampire knight
 11409 | D        | Received a gift from Trog
 11415 | D        | Killed a vampire knight
 11415 | D        | Received a gift from Trog
 11528 | D        | Noticed a spriggan baker
 11528 | D        | Noticed a spriggan baker
 11528 | D        | Noticed a spriggan baker
 11528 | D        | Noticed a spriggan baker
 11528 | D        | Noticed a spriggan baker
 11528 | D        | Noticed a spriggan baker
 11531 | D        | Noticed a spriggan baker
 11531 | D        | Killed a spriggan baker
 11533 | D        | Killed a spriggan baker
 11535 | D        | Killed a spriggan baker
 11536 | D        | Noticed a spriggan baker
 11538 | D        | Noticed a spriggan baker
 11538 | D        | Killed a spriggan baker
 11539 | D        | Killed a spriggan baker
 11540 | D        | Killed a spriggan baker
 11541 | D        | Noticed a spriggan baker
 11542 | D        | Killed a spriggan baker
 11542 | D        | Received a gift from Trog
 11546 | D        | Killed a spriggan baker
 11547 | D        | Killed a spriggan baker
 11552 | D        | Killed a spriggan baker
 11559 | D        | Noticed a spriggan baker
 11563 | D        | Killed a spriggan baker
 11569 | D        | Noticed a deep elf sorcerer
 11569 | D        | Noticed a deep elf annihilator
 11569 | D        | Noticed a deep elf sorcerer
 11569 | D        | Noticed a deep elf demonologist
 11569 | D        | Noticed a deep elf high priest
 11569 | D        | Noticed a deep elf death mage
 11570 | D        | Noticed a deep elf blademaster
 11577 | D        | Killed a deep elf annihilator
 11577 | D        | Received a gift from Trog
 11580 | D        | Killed a deep elf sorcerer
 11591 | D        | Killed a deep elf blademaster
 11594 | D        | Killed a deep elf sorcerer
 11594 | D        | Received a gift from Trog
 11599 | D        | Noticed a deep elf death mage
 11602 | D        | Noticed a deep elf sorcerer
 11603 | D        | Killed a deep elf demonologist
 11606 | D        | Noticed a deep elf master archer
 11607 | D        | Killed a deep elf death mage
 11608 | D        | Killed a ghostly deep elf demonologist
 11608 | D        | Reached skill level 27 in Evocations
 11615 | D        | Killed a deep elf death mage
 11615 | D        | Received a gift from Trog
 11618 | D        | Killed a deep elf sorcerer
 11620 | D        | Noticed a deep elf demonologist
 11621 | D        | Killed a deep elf high priest
 11621 | D        | Received a gift from Trog
 11622 | D        | Noticed a deep elf master archer
 11624 | D        | Noticed a deep elf death mage
 11624 | D        | Killed a deep elf master archer
 11624 | D        | Received a gift from Trog
 11625 | D        | Noticed a deep elf annihilator
 11635 | D        | Killed a deep elf demonologist
 11643 | D        | Killed a deep elf master archer
 11646 | D        | Killed a ghostly deep elf master archer
 11646 | D        | Reached skill level 10 in Throwing
 11648 | D        | Killed a deep elf death mage
 11648 | D        | Received a gift from Trog
 11648 | D        | Received a gift from Trog
 11655 | D        | Killed a deep elf annihilator
 11655 | D        | Received a gift from Trog
 11663 | D        | Got an elven rune of Zot
 11959 | D        | Noticed an acid blob
 11959 | D        | Noticed an azure jelly
 11959 | D        | Noticed an acid blob
 11959 | D        | Noticed an acid blob
 11959 | D        | Noticed an acid blob
 11959 | D        | Noticed an azure jelly
 11986 | D        | Killed an acid blob
 11990 | D        | Killed an acid blob
 11997 | D        | Killed an acid blob
 11997 | D        | Received a gift from Trog
 12028 | D        | Killed an acid blob
 12028 | D        | Received a gift from Trog
 12033 | D        | Killed an azure jelly
 12047 | D        | Killed an azure jelly
 12047 | D        | Received a gift from Trog
 12416 | D        | Noticed an acid blob
 12417 | D        | Noticed an acid blob
 12428 | D        | Killed an acid blob
 12430 | D        | Killed an acid blob
 12437 | D        | Noticed a golden eye
 12438 | D        | Noticed the royal jelly
 12443 | D        | Killed a golden eye
 12443 | D        | Received a gift from Trog
 12486 | D        | Killed the royal jelly
 12537 | D        | Paralysed by a giant eyeball for 2 turns
 12554 | D        | Noticed a death ooze
 12557 | D        | Noticed an acid blob
 12558 | D        | Killed a death ooze
 12566 | D        | Noticed a death ooze
 12571 | D        | Killed an acid blob
 12576 | D        | Killed a death ooze
 12605 | D        | Noticed an azure jelly
 12615 | D        | Killed an azure jelly
 12615 | D        | Received a gift from Trog
 12942 | D        | Noticed an acid blob
 12944 | D        | Noticed an azure jelly
 12945 | D        | Noticed a death ooze
 12948 | D        | Killed an acid blob
 12952 | D        | Killed an azure jelly
 12952 | D        | Paralysed by a giant eyeball for 3 turns
 12959 | D        | Killed a death ooze
 12963 | D        | Received a gift from Trog
 12972 | D        | Got a slimy rune of Zot
 13209 | D        | Noticed a sphinx
 13209 | D        | Noticed a sphinx
 13209 | D        | Noticed a sphinx
 13209 | D        | Noticed a sphinx
 13209 | D        | Noticed a sphinx
 13209 | D        | Noticed a sphinx
 13211 | D        | Killed a sphinx
 13211 | D        | Received a gift from Trog
 13212 | D        | Noticed a sphinx
 13213 | D        | Noticed a sphinx
 13214 | D        | Killed a sphinx
 13214 | D        | Received a gift from Trog
 13217 | D        | Killed a sphinx
 13217 | D        | Received a gift from Trog
 13218 | D        | Noticed a sphinx
 13220 | D        | Killed a sphinx
 13220 | D        | Received a gift from Trog
 13221 | D        | Noticed a sphinx
 13223 | D        | Paralysed by a sphinx for 5 turns
 13224 | D        | Noticed a sphinx
 13231 | D        | Killed a sphinx
 13231 | D        | Received a gift from Trog
 13235 | D        | Killed a sphinx
 13236 | D        | Noticed a sphinx
 13238 | D        | Killed a sphinx
 13238 | D        | Received a gift from Trog
 13241 | D        | Killed a sphinx
 13241 | D        | Received a gift from Trog
 13244 | D        | Killed a sphinx
 13244 | D        | Gained mutation: You are completely covered in molten scales (AC +4, EV -1, rF+). [demonic ancestry]
 13244 | D        | Reached XP level 20. HP: 148/214 MP: 37/37
 13248 | D        | Killed a sphinx
 13252 | D        | Killed a sphinx
 13252 | D        | Received a gift from Trog
 13252 | D        | Received a gift from Trog
 13256 | D        | Killed a sphinx
 13256 | D        | Received a gift from Trog
 13402 | D        | Noticed a guardian mummy
 13402 | D        | Noticed a guardian mummy
 13402 | D        | Noticed a guardian mummy
 13402 | D        | Noticed a guardian mummy
 13402 | D        | Noticed a guardian mummy
 13402 | D        | Noticed a guardian mummy
 13404 | D        | Killed a guardian mummy
 13407 | D        | Killed a guardian mummy
 13411 | D        | Killed a guardian mummy
 13413 | D        | Killed a guardian mummy
 13416 | D        | Killed a guardian mummy
 13417 | D        | Noticed a guardian mummy
 13423 | D        | Killed a guardian mummy
 13429 | D        | Killed a guardian mummy
 13432 | D        | Noticed a guardian mummy
 13438 | D        | Noticed a guardian mummy
 13442 | D        | Killed a guardian mummy
 13443 | D        | Noticed a guardian mummy
 13446 | D        | Killed a guardian mummy
 13450 | D        | Killed a guardian mummy
 13485 | D        | Noticed a guardian mummy
 13485 | D        | Noticed a guardian mummy
 13485 | D        | Noticed a mummy priest
 13485 | D        | Noticed a mummy priest
 13485 | D        | Noticed a guardian mummy
 13485 | D        | Noticed a guardian mummy
 13487 | D        | Killed a guardian mummy
 13488 | D        | Noticed a guardian mummy
 13490 | D        | Killed a guardian mummy
 13496 | D        | Killed a mummy priest
 13497 | D        | Noticed a guardian mummy
 13500 | D        | Killed a mummy priest
 13503 | D        | Killed a guardian mummy
 13504 | D        | Noticed a guardian mummy
 13507 | D        | Killed a guardian mummy
 13510 | D        | Killed a guardian mummy
 13511 | D        | Killed a guardian mummy
 13584 | D        | Killed a guardian mummy
 13923 | D        | Noticed a greater mummy
 13923 | D        | Noticed a mummy priest
 13923 | D        | Noticed a mummy priest
 13923 | D        | Noticed a greater mummy
 13923 | D        | Noticed a greater mummy
 13923 | D        | Noticed a greater mummy
 13944 | D        | HP: 9/210 [??? (4)]
 13945 | D        | Killed from afar by a greater mummy

Vault maps used:
D:        linesprint

Action                   |  1- 3 |  4- 6 |  7- 9 | 10-12 | 13-15 | 16-18 | 19-21 || total
-------------------------+-------+-------+-------+-------+-------+-------+-------++-------
Melee: Falchion          |    70 |    16 |    24 |     4 |       |       |       ||   114
       Great sword       |       |       |       |   124 |   293 |   597 |   281 ||  1295
       Double sword      |       |       |       |     1 |       |       |       ||     1
       Scimitar          |       |       |       |    10 |       |       |       ||    10
       Triple sword      |       |       |       |       |    49 |    65 |       ||   114
Throw: Tomahawk          |       |       |       |     4 |     3 |       |       ||     7
Invok: Berserk           |     1 |     1 |       |     6 |     1 |     3 |     1 ||    13
       Brothers in Arms  |     1 |     1 |     5 |    18 |    26 |     7 |    12 ||    70
       Trog's Hand       |     1 |     1 |       |     4 |    19 |    18 |     7 ||    50
       Burn Spellbooks   |       |       |       |     1 |       |       |       ||     1
Evoke: Deck              |       |       |       |       |       |       |     6 ||     6
       Phial of floods   |       |       |       |       |       |       |     2 ||     2
  Use: Potion            |       |       |       |     2 |     6 |    11 |       ||    19
       Scroll            |       |       |       |     1 |     5 |     3 |       ||     9
 Stab: Distracted        |       |       |       |     1 |       |     6 |     1 ||     8
       Paralysed         |       |       |       |       |       |       |     2 ||     2
  Eat: Chunk             |       |     1 |     3 |    14 |     7 |    11 |       ||    36
       Bread ration      |       |       |       |     2 |     4 |     4 |     3 ||    13
       Meat ration       |       |       |       |       |       |       |     1 ||     1
